 Dungeon Crawl Stone Soup version 0.22-a0-553-g9358b0b (webtiles) character file.

1755 MothsLongingForFire the Cleaver (level 8, -3/67 HPs)
             Began as a Demonspawn Berserker on June 25, 2018.
             Was an Elder of Trog.
             Slain by a bullfrog zombie (4 damage)
             ... on level 7 of the Dungeon.
             The game lasted 00:21:29 (8458 turns).

MothsLongingForFire the Cleaver (DsBe)              Turns: 8458, Time: 00:21:30

Health: -3/67      AC:  0    Str: 17    XL:     8   Next: 78%
Magic:  0/8        EV:  5    Int:  8    God:    Trog [****..]
Gold:   352        SH:  0    Dex: 16    Spells: 7/7 levels left

rFire    . . .     SeeInvis +   a - +0 hand axe
rCold    . . .     Gourm    .   (no shield)
rNeg     . . .     Faith    .   B - +0 plate armour
rPois    .         Spirit   +   q - +0 helmet
rElec    .         Reflect  .   (no cloak)
rCorr    .         Harm     .   (no gloves)
MR       .....                  f - +0 pair of boots
Stlth    ..........             (no amulet)
HPRegen  0.21/turn              v - ring of see invisible
MPRegen  0.11/turn              (no ring)

@: corroded
A: iridescent scales 2, powered by death 1, magic shield
a: Berserk, Trog's Hand, Brothers in Arms, Renounce Religion


You were on level 7 of the Dungeon.
You worshipped Trog.
Trog was greatly pleased with you.
You were not hungry.

You visited 1 branch of the dungeon, and saw 7 of its levels.
You also visited: Sewer.

You collected 352 gold pieces.


Innate Abilities, Weirdness & Mutations

You are mostly covered in iridescent scales. (AC +4)
You regenerate a little health from kills.
When hurt, damage is shared between your health and your magic reserves.


   Skills:
 + Level 7.2 Fighting
 * Level 9.0 Axes
 - Level 1.7 Armour
 - Level 1.7 Dodging


You had 7 spell levels left.
You didn't know any spells.
Your spell library was empty.

Inventory:

Hand Weapons
 a - a +0 hand axe (weapon)
Missiles
 k - 97 stones (quivered)
 y - 2 throwing nets {=f}
Armour
 f - a +0 pair of boots (worn)
 q - a +0 helmet (worn)
 w - a +0 shield
 B - a +0 plate armour (worn)
Jewellery
 v - a ring of see invisible (left hand)
Wands
 b - a wand of acid (1)
Scrolls
 d - 3 scrolls of remove curse {@r2}
 e - 2 scrolls of teleportation {unknown}
 g - 3 scrolls of noise {unknown}
 h - a scroll of blinking {unknown}
 i - 2 scrolls of magic mapping
 m - a scroll of amnesia {unknown}
 n - a scroll of enchant armour {unknown}
 o - a scroll of enchant weapon {unknown}
 x - a scroll of fog {unknown}
 C - a scroll of fear {unknown}
Potions
 j - a potion of agility {unknown}
 p - 2 potions of flight
 r - 6 potions of curing {@q1}
 s - a potion of cancellation {unknown}
 t - 2 potions of magic
 u - a potion of heal wounds {unknown}
Comestibles
 c - 15 rations {@e1}

Dungeon Overview and Level Annotations

Branches:
Dungeon (7/15)             Temple (0/1) D:5

Altars:
Cheibriados
Dithmenos
Hepliaklqana
Vehumet
Zin

Annotations:
D:1 exclusion: 2 downstairs
D:2 !sky beast
D:5 2 runed doors, Scuka's ghost, novice DDFi
D:6 exclusion: 2 downstairs

▒▒▒ ▒▒▒▒▒▒▒▒..........>##.# #.#
########## #.############.###.#
.........#####'####### #..##.#
.....................#######.##.###
..................................#
#.................................#
#.................................#
#######...........................#
#......)..Z@................#
#.....!)..J.................#
#....#####..................#
#....# #..................# #....#
#.................## #....#
#.................# .......
#...............>.# ........#
#.................# ........#
#.................#


You could see a jelly and a bullfrog zombie.


Message History

You completely miss the bullfrog zombie.
The bullfrog zombie is heavily damaged.
You hit the jelly but do no damage.
Your hands burn!
The bullfrog zombie hits you but does no damage.
You hit the bullfrog zombie but do no damage.
The bullfrog zombie is heavily damaged.
You hit the jelly. The acid corrodes you!
Your hands burn!
The jelly hits you. The acid corrodes you!
You are splashed with acid!
The acid burns!
The bullfrog zombie hits you but does no damage.
You hit the bullfrog zombie.
The bullfrog zombie is heavily damaged.
You hit the jelly but do no damage. The acid corrodes you!
Your hands burn!
The jelly hits you.
You are splashed with acid!
The acid burns!
* * * LOW HITPOINT WARNING * * *
The bullfrog zombie hits you.
* * * LOW HITPOINT WARNING * * *
You are too injured to fight recklessly!
You are too injured to fight recklessly!
The bullfrog zombie hits you.
* * * LOW HITPOINT WARNING * * *
The bullfrog zombie hits you!
* * * LOW HITPOINT WARNING * * *
Use which ability? (? or * to list)
You fail to use your ability.
The jelly hits you.
* * * LOW HITPOINT WARNING * * *
You are splashed with acid!
The acid burns!
* * * LOW HITPOINT WARNING * * *
The bullfrog zombie hits you.
You die...

Skill      XL: |  1  2  3  4  5  6  7  8 |
---------------+-------------------------+-----
Axes           | 3 4 5 6 7 9 |  9.0
Fighting       | 4 5 6 7 |  7.2
Armour         | |  1.7
Dodging        | |  1.7

Action                   |  1- 3 |  4- 6 |  7- 9 || total
-------------------------+-------+-------+-------++-------
Melee: Hand axe          |   180 |   166 |   407 ||   753
Throw: Stone             |       |       |    34 ||    34
Invok: Berserk           |     2 |     3 |     5 ||    10
       Trog's Hand       |       |     6 |     3 ||     9
Evoke: Wand              |       |       |     4 ||     4
  Use: Scroll            |       |     1 |     6 ||     7
 Stab: Sleeping          |     2 |       |       ||     2
  Eat: Chunk             |     6 |     9 |    19 ||    34
       Ration            |       |       |     1 ||     1
Armor: Animal skin       |    43 |    18 |       ||    61
       Leather armour    |       |    21 |    11 ||    32
       Scale mail        |       |       |    81 ||    81
       Plate armour      |       |       |   129 ||   129
Dodge: Dodged            |   142 |   117 |   143 ||   402

Vault maps used:
D:1:      lemuel_arrival_rhombus
D:2:      uniq_jessica
D:3:      nicolae_dithmenos_shadow_blocks, uniq_grinder, uniq_robin
D:5:      minmay_temple_entry_statues_fountains, ebering_ghost_sewer_f,
          cheibrodos_sewer_entry_bend, first_ration
D:6:      corexii_shack_village
D:7:      minitemple, basic_altar
Sewer:    sewer_big_baddie

Notes
Turn   | Place    | Note
-------+----------+-------------------------------------------
     0 | D:1      | MothsLongingForFire the Demonspawn Berserker began the quest for the Orb.
     0 | D:1      | Reached XP level 1. HP: 18/18 MP: 1/1
   274 | D:1      | HP: 1/18 [goblin (3)]
   285 | D:1      | HP: 2/27 [goblin (1)]
   561 | D:1      | Reached skill level 3 in Axes
   564 | D:1      | Gained mutation: When hurt, damage is shared between your health and your magic reserves. [demonic ancestry]
   564 | D:1      | Reached XP level 2. HP: 23/24 MP: 2/2
  1104 | D:1      | Reached XP level 3. HP: 27/29 MP: 3/3
  1240 | D:1      | Reached ** piety under Trog
  1342 | D:2      | Noticed a sky beast
  1575 | D:2      | >>sky beast
  2046 | D:3      | Reached skill level 4 in Axes
  2203 | D:3      | Gained mutation: You regenerate a little health from kills. [demonic ancestry]
  2203 | D:3      | Reached XP level 4. HP: 33/37 MP: 2/4
  2217 | D:3      | Noticed Grinder
  2263 | D:3      | >>grinder
  2500 | D:3      | Found a shadowy altar of Dithmenos.
  2556 | D:3      | Killed Grinder
  2556 | D:3      | Reached skill level 4 in Fighting
  2556 | D:3      | Reached skill level 5 in Axes
  2556 | D:3      | Reached XP level 5. HP: 22/43 MP: 2/5
  2556 | D:3      | Gained mutation: You are partially covered in iridescent scales. (AC +2) [demonic ancestry]
  2556 | D:3      | Reached XP level 6. HP: 25/49 MP: 2/6
  3006 | D:3      | Reached *** piety under Trog
  3018 | D:3      | Noticed Robin
  3031 | D:3      | Killed Robin
  3446 | D:2      | Noticed Jessica
  3450 | D:2      | Killed Jessica
  3606 | D:2      | Reached skill level 5 in Fighting
  3625 | D:2      | Killed a sky beast
  3625 | D:2      | Reached skill level 6 in Axes
  3625 | D:2      | Reached XP level 7. HP: 47/56 MP: 2/7
  5084 | D:5      | Entered Level 5 of the Dungeon
  5209 | D:5      | Reached **** piety under Trog
  5223 | D:5      | Found a glowing drain.
  5231 | Sewer    | Entered a sewer
  5281 | Sewer    | Noticed Purgy
  5285 | Sewer    | Killed Purgy
  5611 | D:5      | Reached skill level 7 in Axes
  5621 | D:5      | Found a runed door.
  5641 | D:5      | Found a staircase to the Ecumenical Temple.
  5680 | D:5      | Noticed Scuka's ghost (novice DDFi)
  5719 | D:5      | Found a runed door.
  5822 | D:5      | Reached skill level 6 in Fighting
  6648 | D:6      | Gained mutation: You are mostly covered in iridescent scales. (AC +4) [demonic ancestry]
  6648 | D:6      | Reached XP level 8. HP: 24/64 MP: 2/8
  7526 | D:7      | Found a radiant altar of Vehumet.
  7545 | D:7      | Reached skill level 8 in Axes
  7740 | D:7      | Found a snail-covered altar of Cheibriados.
  7954 | D:7      | Found a hazy altar of Hepliaklqana.
  7962 | D:7      | Found a glowing silver altar of Zin.
  8031 | D:7      | Reached skill level 7 in Fighting
  8311 | D:7      | Reached skill level 9 in Axes
  8458 | D:7      | HP: 1/67 [acid (7)]
  8458 | D:7      | Slain by a bullfrog zombie

Vanquished Creatures
  Grinder (D:3)
  Purgy (Sewer)
  4 sky beasts
  An ogre (D:7)
  2 centaurs
  A big kobold (D:7)
  2 scorpions (D:7)
  A howler monkey (D:5)
  A bullfrog zombie (D:5)
  4 jellies
  An orc priest (D:3)
  A hound (D:7)
  Jessica (D:2)
  An iguana (D:6)
  3 worker ants
  A hound skeleton (D:7)
  Robin (D:3)
  3 gnolls (D:5)
  6 adders
  3 oozes
  7 worms
  6 leopard geckos
  13 orcs
  9 giant cockroaches
  21 goblins
  12 hobgoblins
  16 jackals
  9 kobolds
  4 quokkas
  A ball python (D:1)
  17 bats
  9 frilled lizards
  A leopard gecko skeleton (D:5)
  7 rats
171 creatures vanquished.

Table legend:
 A = Turns spent in this place as a percentage of turns spent in the entire game.
 B = Non-inter-level travel turns spent in this place as a percentage of non-inter-level travel turns spent in the entire game.
 C = Inter-level travel turns spent in this place as a percentage of turns spent in this place.
 D = Turns resting spent in this place as a percentage of non-inter-level travel turns spent in this place.
 E = Turns spent auto-exploring this place as a percentage of non-inter-level travel turns spent in this place.
 F = Non-inter-level travel turns spent in this place divided by the number of levels of this place that you've seen.
                   A       B       C       D       E      F
               +-------+-------+-------+-------+-------+----------------------
         Total | 100.0 | 100.0 |   2.2 |  35.8 |  38.1 | 1033.8
       Dungeon |  98.8 |  98.7 |   2.3 |  36.3 |  37.8 | 1166.4
         Sewer |   1.2 |   1.3 |   0.0 |   0.0 |  55.2 | 105.0
               +-------+-------+-------+-------+-------+----------------------

Table legend:
 A = Spawn XP
 B = Non-spawn XP
 C = Spawn XP percentage of total XP
 D = Spawn monster count
 E = Non-spawn monster count
 F = Spawn count percentage of total count
 G = Total turns spent on level
                    A         B        C        D         E        F      G
               +---------+---------+-------+---------+---------+-------+---------
         Total |       0 |    2508 |   0.0 |       0 |     171 |   0.0 |  8458
               +---------+---------+-------+---------+---------+-------+---------
           D:1 |       0 |      58 |   0.0 |       0 |      28 |   0.0 |  1461
           D:2 |       0 |     249 |   0.0 |       0 |      23 |   0.0 |   876
           D:3 |       0 |     476 |   0.0 |       0 |      58 |   0.0 |  1919
           D:4 |       0 |      55 |   0.0 |       0 |       4 |   0.0 |   828
           D:5 |       0 |     390 |   0.0 |       0 |      16 |   0.0 |   921
           D:6 |       0 |     361 |   0.0 |       0 |      13 |   0.0 |  1260
           D:7 |       0 |     775 |   0.0 |       0 |      23 |   0.0 |  1088
         Sewer |       0 |     144 |   0.0 |       0 |       6 |   0.0 |   105
               +---------+---------+-------+---------+---------+-------+---------
